 Dungeon Crawl Stone Soup version 0.24-a0-462-ge24419a6ad (console) character file.

Game seed: 16569358568774106126

128 Lexodia the Vexing (level 4, 0/45 HPs)
             Began as a Demonspawn Enchanter on July 2, 2019.
             Slain by a giant cockroach (2 damage)
             ... on level 3 of the Dungeon.
             The game lasted 00:07:22 (2240 turns).

Lexodia the Vexing (Demonspawn Enchanter)           Turns: 2240, Time: 00:07:22

Health: 0/45       AC: 22    Str:  7 (8)  XL:     4   Next: 87%
Magic:  4/8        EV:  2    Int: 15 (17) God:
Gold:   169        SH:  0    Dex: 11 (14) Spells: 2/8 levels left

rFire    . . .     SeeInvis .   a - +1 dagger
rCold    . . .     Gourm    .   (no shield)
rNeg     + + +     Faith    .   (armour currently unavailable)
rPois    +         Spirit   .   (helmet currently unavailable)
rElec    .         Reflect  .   (cloak currently unavailable)
rCorr    .         Harm     .   (gloves currently unavailable)
MR       .....     NoTele   +   (boots currently unavailable)
Stlth    ++........             (no amulet)
HPRegen  0.15/turn              (no ring)
MPRegen  0.11/turn              (no ring)

@: tree-form, hasted, very quick
A: rot immunity
a: no special abilities


You were on level 3 of the Dungeon.
You were hungry.
You were a tree.
You visited 1 branch of the dungeon, and saw 3 of its levels.

You collected 169 gold pieces.

Inventory:

Hand Weapons
 a - a +1 dagger (weapon)
Armour
 b - a +0 robe (melded)
 f - a +0 helmet (melded)
Scrolls
 c - 4 scrolls of teleportation
Comestibles
 d - 3 rations


   Skills:
 * Level 2.7 Short Blades
 - Level 2.0 Dodging
 + Level 3.3 Stealth
 + Level 2.7 Spellcasting
 + Level 3.5 Hexes


You had 2 spell levels left.
You knew the following spells:

 Your Spells              Type           Power        Failure   Level  Hunger
a - Corona                Hex            ##.....      4%          1    #......
b - Ensorcelled Hibernat  Hex/Ice        #.....       16%         2    ##.....
c - Confuse               Hex            ##......     14%         3    ###....

Your spell library contained the following spells:

 Spells                   Type           Power        Failure   Level  Hunger
 Tukima's Dance           Hex            ##......     14%         3    ###....
 Dazzling Spray           Conj/Hex       #.....       30%         3    ###....


Dungeon Overview and Level Annotations

Branches:
Dungeon (3/15)

Altars:
Zin

Annotations:
D:2 Natasha


Innate Abilities, Weirdness & Mutations

You are immune to rotting.


Message History

e - a smoky golden potion It was a potion of lignification.
You turn into a tree.
Your +0 helmet melds into your body.
Your +0 robe melds into your body.
Your roots penetrate the ground.
You hit the giant cockroach.
The giant cockroach is moderately wounded.
You hit the giant cockroach but do no damage.
The giant cockroach is moderately wounded.
The giant cockroach bites you but does no damage.
You barely miss the giant cockroach.
The giant cockroach is moderately wounded.
The giant cockroach bites you.
* * * LOW HITPOINT WARNING * * *
Huge Dmg: -2%(-1hp) hp: 5%(2hp)
You hit the giant cockroach but do no damage.
The giant cockroach is moderately wounded.
You hit the giant cockroach but do no damage.
The giant cockroach is moderately wounded.
The giant cockroach bites you.
You die...

#### #...######
#.......♣#
.......s######
##...........#
###..K......#
######.o.......#
...............#
.####o........#
#.g.......$# ..
#.##########


You could see 2 orcs, a giant cockroach, a goblin and a kobold.

Vanquished Creatures
  Natasha (D:2)
  Robin (D:1)
  3 adders
  A worm (D:3)
  2 leopard geckos (D:2)
  2 ball pythons (D:1)
  6 bats
  4 giant cockroaches
  15 goblins
  8 hobgoblins
  6 kobolds
  3 quokkas
  4 rats
56 creatures vanquished.

Notes
Turn   | Place    | Note
-------+----------+-------------------------------------------
     0 | D:1      | Lexodia the Demonspawn Enchanter began the quest for the
                  | Orb.
     0 | D:1      | Reached XP level 1. HP: 13/13 MP: 3/3
    52 | D:1      | Reached skill level 1 in Short Blades
   289 | D:1      | Gained mutation: You are immune to rotting. [demonic
                  | ancestry]
   289 | D:1      | Reached XP level 2. HP: 19/19 MP: 1/5
   623 | D:1      | Learned a level 2 spell: Ensorcelled Hibernation
   749 | D:2      | Huge Dmg: 4 dmg
   784 | D:2      | Huge Dmg: 4 dmg
   815 | D:2      | Reached XP level 3. HP: 17/24 MP: 0/6
   982 | D:2      | Found a glowing silver altar of Zin.
  1105 | D:2      | Noticed Robin
  1122 | D:2      | Learned a level 3 spell: Confuse
  1135 | D:2      | Huge Dmg: 5 dmg
  1220 | D:2      | Huge Dmg: 6 dmg
  1229 | D:1      | Huge Dmg: 7 dmg
  1238 | D:1      | Killed Robin
  1468 | D:2      | Noticed Natasha
  1475 | D:2      | Huge Dmg: 8 dmg
  1476 | D:2      | Huge Dmg: 8 dmg
  1484 | D:2      | Huge Dmg: 5 dmg
  1491 | D:2      | Killed Natasha
  1491 | D:2      | Reached XP level 4. HP: 24/30 MP: 0/7
  1866 | D:2      | Noticed Natasha
  1917 | D:1      | Huge Dmg: 5 dmg
  2140 | D:2      | Huge Dmg: 8 dmg
  2167 | D:2      | Huge Dmg: 11 dmg
  2180 | D:3      | HP: 1/30 [quokka (5)]
  2181 | D:3      | Huge Dmg: 5 dmg
  2215 | D:3      | Huge Dmg: 1 dmg
  2216 | D:3      | Huge Dmg: 1 dmg
  2216 | D:3      | HP: 1/30 [bat (1)]
  2217 | D:3      | Huge Dmg: 1 dmg
  2223 | D:3      | HP: 1/30 [giant cockroach (1)]
  2224 | D:3      | Huge Dmg: 1 dmg
  2238 | D:3      | HP: 2/45 [giant cockroach (1)]
  2239 | D:3      | Huge Dmg: 1 dmg
  2240 | D:3      | Slain by a giant cockroach

Levels and vault maps discovered:
D:1:      dpeg_arrival_pits, layout_loops_ring
D:2:      layout_loops_ring, nicolae_overflow_hidden_temple, minmay_box_of_dots,
          uniq_natasha, uniq_robin
D:3:      lemuel_upstairs_altar, layout_basic, first_ration

Skill      XL: |  1  2  3 |
---------------+----------+-----
Short Blades   | 1 2 |  2.7
Dodging        | 2 |  2.0
Stealth        | 3 |  3.3
Spellcasting   | |  2.7
Hexes          | |  3.5

Action                   |  1- 3 |  4- 6 || total
-------------------------+-------+-------++-------
Melee: Dagger            |   105 |    60 ||   165
 Cast: Corona            |    10 |       ||    10
       Ensorcelled Hiber |    16 |    12 ||    28
       Confuse           |     1 |     1 ||     2
  Use: Potion            |     2 |     3 ||     5
       Scroll            |       |     4 ||     4
 Stab: Sleeping          |    23 |     8 ||    31
       Distracted        |       |     1 ||     1
  Eat: Chunk             |     2 |     4 ||     6
Armor: Robe              |    24 |    10 ||    34
       Skin              |       |     1 ||     1
Dodge: Dodged            |    67 |    52 ||   119

Table legend:
 A = Non-vault XP
 B = Vault XP
 C = Vault XP percentage of total XP
 D = Non-vault monster count
 E = Vault monster count
 F = Vault count percentage of total count
                 A         B        C        D         E       F
            +---------+---------+-------+---------+---------+-------
      Total |     110 |      74 |  40.2 |      41 |      15 |  26.8
            +---------+---------+-------+---------+---------+-------
        D:1 |      47 |      16 |  25.4 |      22 |       1 |   4.3
        D:2 |      56 |      58 |  50.9 |      17 |      14 |  45.2
        D:3 |       7 |       0 |   0.0 |       2 |       0 |   0.0
            +---------+---------+-------+---------+---------+-------
